 Dungeon Crawl Stone Soup version 0.29.1-1-gd02db6906a (webtiles) character file.

Game seed: 3326770987098406044

12 Earthwalker the Sneak (level 2, -17/14 HPs)
             Began as a Felid Delver on Oct 7, 2022.
             Demolished by an ogre
             ... wielding a +0 giant club
              (22 damage)
             ... on level 5 of the Dungeon.
             The game lasted 00:02:44 (446 turns).

Earthwalker the Sneak (Felid Delver)                 Turns: 446, Time: 00:02:44

Health: -17/14     AC:  1    Str:  8    XL:     2   Next: 20%
Magic:  3/3        EV: 17    Int: 11    God:
Gold:   13         SH:  0    Dex: 17    Spells: 1/1 levels left
                                        Lives:  0   Deaths: 0

rFire   . . .      SeeInvis +     - Unarmed
rCold   . . .      Faith    .   (shield unavailable)
rNeg    . . .      Spirit   .   (body armour unavailable)
rPois   .          Reflect  .   (helmet unavailable)
rElec   .          Harm     .   (cloak unavailable)
rCorr   .          Rampage  .   (gloves unavailable)
Will    .....                   (boots unavailable)
Stlth   ++++......              (no amulet)
HPRegen 0.04/turn               (no ring)
MPRegen 0.08/turn               (no ring)

@: quick
A: very small, claws 1, fangs 3, see invisible, speed 1, shaggy fur 1, stealthy
paws, no weapons or thrown items, no armour, multi-lived
a: no special abilities


You were on level 5 of the Dungeon.
You visited 1 branch of the dungeon, and saw 2 of its levels.

You collected 13 gold pieces.

Inventory:

Hand Weapons
 g - a +0 whip
Jewellery
 h - an amulet of magic regeneration
Wands
 e - a wand of digging (3)
Scrolls
 a - a scroll of fog
 b - a scroll of magic mapping
 c - a scroll of fear
Potions
 d - a potion of haste
 f - a potion of lignification {unknown}


   Skills:
 + Level 3.1 Fighting
 + Level 2.7 Dodging
 + Level 7.2 Stealth
 + Level 2.0 Unarmed Combat


You had one spell level left.
You didn't know any spells.
Your spell library was empty.

Dungeon Overview and Level Annotations

Branches:
Dungeon (6/15)
 Temple: D:4-7

Altars:


Innate Abilities, Weirdness & Mutations

You have sharp claws.
You have razor-sharp teeth.
You have supernaturally acute eyesight. (SInv)
You cover ground quickly. (Speed+)
You are covered in fur. (AC +1)
Your paws help you pounce on unaware monsters.
You are incapable of wielding weapons or throwing items.
You cannot wear armour.
You gain extra lives every three experience levels.


Message History

Found a dented cabochon amulet.
Found a stone staircase leading down.
h - an amulet of magic regeneration You don't know any spells.
Your library has no spells.
You start resting.
HP restored.
Found a stone staircase leading up.
A black bear comes into view.
Found a leather armour and 9 gold pieces.
An iguana comes into view.
Found a scroll labelled ZEOMIZYCHIU.
Found an encrusted bone ring.
A wight comes into view.
It is wielding a +1 short sword of speed. 3 wights come into view.
Found a stone staircase leading down.
There is a stone staircase leading up here.
You climb upwards.
There is a stone staircase leading down here.
A dart slug comes into view.
A phantom comes into view.
You scratch the dart slug.
The dart slug is moderately wounded.
The dart slug completely misses you.
You scratch the dart slug.
The dart slug is heavily wounded.
You scratch the dart slug.
You kill the dart slug!
The yak bellows!
You hear a bellow! x2
You hear a shout!
The yak bellows! x2
The yak bellows!
An ogre comes into view. It is wielding a +0 giant club.
Found a scroll labelled UGONIL JUODE and a scroll labelled HUXOYRESTI.
The ogre hits you with a +0 giant club!
Ouch! That really hurt!
Found a scale mail.
The ogre hits you with a +0 giant club!!
Ouch! That really hurt!
You die...

#### # #.#. #.#..[#
.......### .......#.###
## #......@O..# #>
........YY## ### ###.
..........### ###.###...
......?..YY.###...##....
.........?..Y#.....##.##
....##..............#..#
...# ##.........##.....#
... ##.......######.##
#.#.....#..###.##


You could see 5 yaks and an ogre.

Vanquished Creatures
  An adder (D:6)
  A dart slug (D:5)
2 creatures vanquished.

Notes
Turn   | Place    | Note
-------+----------+-------------------------------------------
     0 | D:5      | Earthwalker the Felid Delver began the quest for the Orb.
     0 | D:5      | Reached XP level 1. HP: 10/10 MP: 2/2
     4 | D:5      | Noticed a yak
     4 | D:5      | Noticed a yak
     9 | D:5      | Noticed a yak
     9 | D:5      | Noticed a yak
    11 | D:5      | Noticed a yak
    37 | D:6      | Reached skill level 7 in Stealth
    37 | D:6      | Reached XP level 2. HP: 4/14 MP: 3/3
    90 | D:6      | Noticed a centaur
   103 | D:6      | Noticed a two-headed ogre
   388 | D:6      | Noticed a black bear
   391 | D:6      | Noticed a wight
   392 | D:6      | Noticed a wight
   392 | D:6      | Noticed a wight
   392 | D:6      | Noticed a wight
   402 | D:5      | Noticed a phantom
   435 | D:5      | Noticed an ogre
   446 | D:5      | Demolished by an ogre

Illustrated notes

Levels and vault maps discovered:
D:5:      layout_cave_pools
D:6:      layout_rooms, serial_shops, nicolae_shop_overgrown_old_shop

Skill      XL: |  1 |
---------------+----+-----
Stealth        | 7 |  7.2
Fighting       | |  3.1
Dodging        | |  2.7
Unarmed Combat | |  2.0

Action                   || total
-------------------------++-------
Melee: Unarmed           ||     8
Dodge: Dodged            ||     4
